 Dungeon Crawl Stone Soup version 0.31.0-11-ge490571c62 (webtiles) character file.

Game seed: 9293619265449781922

109 qw the Skirmisher (level 4, 0/25 HPs)
             Began as a Deep Elf Hunter on Feb 4, 2024.
             Incinerated by a bombardier beetle (4 damage)
             ... with a burning spray
             ... on level 4 of the Dungeon.
             The game lasted 00:00:04 (1222 turns).

qw the Skirmisher (Deep Elf Hunter)                 Turns: 1222, Time: 00:00:05

Health: 0/25       AC:  3    Str: 10    XL:     4   Next: 59%
Magic:  6/6        EV: 12    Int: 14    God:
Gold:   252        SH:  0    Dex: 18    Spells: 3/3 levels left

rFire   . . .        a - +0 shortbow
rCold   . . .        (shield currently unavailable)
rNeg    . . .        c - +0 leather armour
rPois   .            (no helmet)
rElec   .            (no cloak)
rCorr   .            (no gloves)
SInv    .            (no boots)
Will    .....        (no amulet)
Stlth   +            (no ring)
HPRegen 0.24/turn    (no ring)
MPRegen 0.10/turn

%: no passive effects
@: on fire, glowing
A: no striking features
a: no special abilities


You were on level 4 of the Dungeon.
You visited 1 branch of the dungeon, and saw 3 of its levels.

You collected 252 gold pieces.


   Skills:
 - Level 1.5 Fighting
 + Level 8.0 Ranged Weapons
 - Level 2.4 Dodging
 - Level 1.2 Stealth


You had 3 spell levels left.
You didn't know any spells.
Your spell library was empty.

Inventory:

Hand Weapons
 a - a +0 shortbow (weapon)
Armour
 c - a +0 leather armour (worn)
 g - a +0 cloak
Scrolls
 b - a scroll of poison {unknown}
 f - a scroll of identify
Potions
 d - a potion of might {unknown}
 e - a potion of heal wounds

Dungeon Overview and Level Annotations

Branches:
Dungeon (4/15)
 Temple: D:4-7

Altars:

Shops:
D:1 (


Message History

You open the door.
A bombardier beetle comes into view.
You shoot an arrow.
The arrow hits the bombardier beetle but does no damage.
You shoot an arrow. The arrow hits the bombardier beetle!
The bombardier beetle is heavily wounded.
You shoot an arrow.
The arrow hits the bombardier beetle but does no damage.
The bombardier beetle is heavily wounded.
You shoot an arrow. The arrow hits the bombardier beetle.
The bombardier beetle is heavily wounded.
You shoot an arrow.
The arrow hits the bombardier beetle but does no damage.
The bombardier beetle is heavily wounded.
You shoot an arrow.
The arrow barely misses the bombardier beetle.
The bombardier beetle sprays incendiary fluid at you.
The burning spray hits you.
You are covered in liquid fire!
You shoot an arrow. The arrow hits the bombardier beetle.
The bombardier beetle is heavily wounded.
The liquid fire burns you!
You shoot an arrow. The arrow hits the bombardier beetle.
The bombardier beetle is almost dead.
The liquid fire burns you!
You shoot an arrow.
The arrow hits the bombardier beetle but does no damage.
The bombardier beetle is almost dead.
The liquid fire burns you!
You shoot an arrow. The arrow hits the bombardier beetle.
You kill the bombardier beetle!
The liquid fire burns you!
Your Ranged Weapons skill increases to level 8!
You are on fire!
The liquid fire burns you!
You are on fire!
The liquid fire burns you!
You are on fire!
The liquid fire burns you!
You die...

~~~~......
..........
.........
~~~.....# #.....#.
#~.....# #......
.~ #~.....#
#.....#
.~###~.....# .....
.~~~~~.....# ...
...........# #'#
.~~~~~.....#####@#
.~###~.....#.....#
.~ #~..##.#.#...#
.~###~..##.#...###
.~~~~~..##.#.###
.......###.#.#
.###..## #...#
.###.#####...#
...........#)#


There were no monsters in sight!

Vanquished Creatures
  A bombardier beetle (D:4)
  2 gnolls (D:4)
  3 dart slugs (D:1)
  3 bats
  12 endoplasms
  3 giant cockroaches
  4 goblins
  5 hobgoblins
  4 quokkas
  4 ball pythons (D:1)
  A frilled lizard (D:2)
  3 kobolds
  3 rats
48 creatures vanquished.

Notes
Turn   | Place    | Note
-------+----------+-------------------------------------------
     0 | D:1      | qw the Deep Elf Hunter began the quest for the Orb.
     0 | D:1      | Reached XP level 1. HP: 12/12 MP: 3/3
     0 | D:1      | 0 ||| qw: Version: 0.3-a-160-g6735b56
     0 | D:1      | 0 ||| qw: Game counter: 5133
     0 | D:1      | 0 ||| qw: Melee chars always use a shield: true
     0 | D:1      | 0 ||| qw: God list: Okawaru
     0 | D:1      | 0 ||| qw: Allow faded altars: false
     0 | D:1      | 0 ||| qw: Do Orc after clearing Dungeon:15 true
     0 | D:1      | 0 ||| qw: Do second Lair branch before Depths: true
     0 | D:1      | 0 ||| qw: Lair rune preference: random
     0 | D:1      | 0 ||| qw: Goals: Normal
     0 | D:1      | 0 ||| PLANNING D:1-11
    71 | D:1      | Reached XP level 2. HP: 16/16 MP: 4/4
    88 | D:1      | Reached skill level 6 in Ranged Weapons
   204 | D:1      | Found a faded altar of an unknown god.
   390 | D:1      | Reached XP level 3. HP: 20/20 MP: 5/5
   587 | D:1      | Found Jimuaca's Weapon Boutique.
   701 | D:1      | 701 ||| READING scroll labelled JOEF RINOAFI.
   701 | D:1      | 701 ||| IDENTIFYING murky cyan potion
   702 | D:1      | 702 ||| READING scroll labelled RYODDY TECOT.
   703 | D:1      | 703 ||| DRINKING 2 brown potions.
   704 | D:1      | 704 ||| DROPPING scroll of butterflies.
   705 | D:1      | 705 ||| DROPPING potion of degeneration.
   769 | D:2      | Reached skill level 7 in Ranged Weapons
  1139 | D:2      | You fall into a shaft and drop 2 floors!
  1198 | D:4      | Reached XP level 4. HP: 25/25 MP: 6/6
  1220 | D:4      | Reached skill level 8 in Ranged Weapons
  1220 | D:4      | HP: 6/25 [burnt (5)]
  1222 | D:4      | Incinerated by a bombardier beetle

Levels and vault maps discovered:
D:1:      saegor_arrival_under_anarchy, layout_loops_ring,
          ebering_ecumenical_altar_ruins, serial_shops, shop
D:2:      layout_loops_cross, nicolae_the_louvre
D:4:      layout_basic, lemuel_zombie_altar_yredelemnul, kennysheep_boxes,
          uniq_menkaure, uniq_sigmund

Skill      XL: |  1  2  3  4 |
---------------+-------------+-----
Ranged Weapons | 6 7 8 |  8.0
Fighting       | |  1.5
Dodging        | |  2.4
Stealth        | |  1.2

Action                     |  1- 3 |  4- 6 || total
---------------------------+-------+-------++-------
   Fire: Shortbow          |   104 |    13 ||   117
    Use: Scroll            |     2 |       ||     2
         Potion            |     1 |       ||     1
 Armour: Leather armour    |     7 |       ||     7
  Dodge: Dodged            |    12 |       ||    12

Table legend:
 A = Non-vault XP
 B = Vault XP
 C = Vault XP percentage of total XP
 D = Non-vault monster count
 E = Vault monster count
 F = Vault count percentage of total count
                 A         B        C        D         E       F
            +---------+---------+-------+---------+---------+-------
      Total |     156 |       0 |   0.0 |      48 |       0 |   0.0
            +---------+---------+-------+---------+---------+-------
        D:1 |      58 |       0 |   0.0 |      29 |       0 |   0.0
        D:2 |      24 |       0 |   0.0 |      14 |       0 |   0.0
        D:4 |      74 |       0 |   0.0 |       5 |       0 |   0.0
            +---------+---------+-------+---------+---------+-------
